Unix NetHack Version 5.0.0-0 post-release - last build May 23 2026 06:08:33 (1c0ff79ee797540d5714e4e18072db0edd9e58ae,branch:main).

Game began 2026-05-23 21:16:40, ended 2026-05-23 21:37:07.

Jobair, neutral female human Tourist

                                       ---------
                                       |....{..|
                                       |.......|
                                       |.......|
                                       .......>|
                                       |.......@##
                                       ------|--
                                          #%#%
 ------------                        ######
 |.<.........                       ##
 |..........|                ---.---.--------
 |..........|                ...............|
 |{..........##          #   |..............|
 |..........| #  #-------####...............|
 |...........#####|.....|#   |..............|
 ------------    #|.....-#   ----------------
                 #.....%|#
                  |.....|#
                  -------#

Jobair the Sightseer        St:13 Dx:10 Co:18 In:11 Wi:8 Ch:16  Neutral
Dlvl:5  $:681 HP:0(38) Pw:16(16) AC:3  Xp:4 T:1946  Blind

Latest messages:
 You feel an unseen monster!
 You feel an unseen monster!
 You feel an unseen monster!
 You feel an unseen monster!
 You feel an unseen monster!
 You feel an unseen monster!
 You feel an unseen monster!
 You feel an unseen monster!
 You feel an unseen monster!
 You feel an unseen monster!
 You hear some noises.
 You feel an unseen monster!
 You feel an unseen monster!
 You hear a slow drip.
 You feel an unseen monster!
 You feel an unseen monster!
 You feel an unseen monster!
 You hear some noises.
 You feel an unseen monster!
 It bites!
 You miss it.
 It bites!
 You miss it.
 It bites!
 You hear the footsteps of a guard on patrol.
 You try to feel what is lying here on the ground.
 $ - 675 gold pieces.
 What do you want to drink?
 You feel much better.
 You can see again.
 You see here 5 gold pieces.
 $ - 5 gold pieces (680 in total).
 You swap places with Godzilla.
 $ - a gold piece (681 in total).
 m - 5 darts (14 in total).
 You see here a rabid rat corpse.
 You see here a kitten corpse.
 You hear a nearby zap.
 The bolt of lightning hits you!
 Your wand called vanished! breaks apart and explodes!
 You are blinded by the flash!
 The bolt of lightning hits it!
 You hear a nearby zap.
 The bolt of lightning hits you!
 You die...
 Do you want your possessions identified? [ynq] (y) y
 Do you want to see your attributes? [ynq] (y) y
 Do you want an account of creatures vanquished? [ynaq] (y) y
 Do you want to see your conduct and achievements? [ynq] (y) y
 Do you want to see the dungeon overview? [ynq] (y) y

Inventory:
 Coins    ('$')
  $ - 681 gold pieces
 Weapons  (')')
  a - 20 +2 darts (at the ready)
  m - 14 +0 darts
 Armor    ('[')
  S - an uncursed +0 pair of iron shoes (being worn)
  U - an uncursed +0 dwarvish cloak (being worn)
  h - an uncursed +0 Hawaiian shirt with a hula dancer motif
  B - an uncursed +0 elven mithril-coat (being worn)
 Comestibles  ('%')
  b - 4 uncursed food rations
  d - 2 uncursed tripe rations
 Scrolls  ('?')
  V - an uncursed scroll of enchant weapon
  g - 4 uncursed scrolls of magic mapping
 Potions  ('!')
  f - 2 uncursed potions of extra healing
  R - an uncursed potion of restore ability
  W - an uncursed potion of sickness
 Rings    ('=')
  X - an uncursed ring of slow digestion
 Tools    ('(')
  C - an uncursed blindfold
  j - an uncursed credit card
  i - an expensive camera (0:66)
  T - a +0 pick-axe
  n - a cursed stethoscope

Jobair the Tourist's attributes:

Background:
 You were a Sightseer, a level 4 female human Tourist.
 You were neutral, nominally on a mission for The Lady
 who was opposed by Blind Io (lawful) and Offler (chaotic).
 You were right-handed.
 You were in the Dungeons of Doom, on level 5.
 You entered the dungeon 1946 turns ago.
 You had 132 experience points, 28 more were needed to attain level 5.

Basics:
 You had 0 out of 38 hit points.
 You had all 16 energy points (spell power).
 Your armor class was 3.
 Your wallet contained 681 zorkmids.
 Autopickup was off.

Final Characteristics:
 Your strength was 13 (limit:18/100).
 Your dexterity was 10 (limit:18).
 Your constitution was 18 (limit:18).
 Your intelligence was 11 (limit:18).
 Your wisdom was 8 (limit:18).
 Your charisma was 16 (limit:18).

Final Status:
 You were temporarily blind.
 You weren't hungry.
 You were unencumbered.
 You were bare handed.
 You were unskilled in bare handed combat.

Final Attributes:
 You were devoutly aligned.
 Your items were somewhat protected from fire.
 Your items were somewhat protected from cold.
 You were guarded.
 You are dead.

Miscellaneous:
 You didn't encounter any bones levels.
 Total elapsed playing time was 20 minutes and 27 seconds.

Major events:
 Turn
    1: Jobair the neutral female human Tourist entered the dungeon
  759: attained the rank of Sightseer (level 3)
 1206: entered the Gnomish Mines
 1946: killed by a bolt of lightning zapped by a leprechaun

You didn't know any spells.

Skills:
 Fighting Skills
   bare handed combat [Unskilled]
   two weapon combat  [Unskilled]
   riding             [Unskilled]
 Weapon Skills
   dagger             [Unskilled]
   knife              [Unskilled]
   axe                [Unskilled]
   pick-axe           [Unskilled]
   short sword        [Unskilled]
   broadsword         [Unskilled]
   long sword         [Unskilled]
   two-handed sword   [Unskilled]
   saber              [Unskilled]
   mace               [Unskilled]
   morning star       [Unskilled]
   flail              [Unskilled]
   hammer             [Unskilled]
   quarterstaff       [Unskilled]
   polearms           [Unskilled]
   spear              [Unskilled]
   trident            [Unskilled]
   lance              [Unskilled]
   bow                [Unskilled]
   sling              [Unskilled]
   crossbow           [Unskilled]
   dart               [Basic]
   shuriken           [Unskilled]
   boomerang          [Unskilled]
   whip               [Unskilled]
   unicorn horn       [Unskilled]
 Spellcasting Skills
   divination spells  [Unskilled]
   enchantment spells [Unskilled]
   escape spells      [Unskilled]

Voluntary challenges:
 Character rerolling was not enabled.
 You were an atheist.
 You never hit with a wielded weapon.
 You never genocided any monsters.
 You never polymorphed an object.
 You never changed form.
 You used no wishes.
Achievements:
 You entered a shop.
 You attained the rank of Sightseer.
 You entered the Gnomish Mines.

 The Dungeons of Doom: levels 1 to 5
    Level 1:
       A fountain.
    Level 2:
       A potion shop, a fountain.
    Level 3:
       A scroll shop, a fountain.
       Stairs down to The Gnomish Mines.
    Level 4:
    Level 5: <- You were here.
       A fountain, a sink.
       Final resting place for
          you, killed by a bolt of lightning zapped by a leprechaun.
 The Gnomish Mines:
    Level 4:


Vanquished creatures:
  a shrieker
  a gray ooze
  a floating eye
  a kitten
  a dwarf
  a rabid rat
 an iguana
  a gas spore
  2 hobbits
  2 manes
  a large kobold
  a hobgoblin
  2 cave spiders
  a yellow mold
  a gecko
  6 jackals
  2 foxes
  a kobold
  2 goblins
  2 sewer rats
  a grid bug
  a bat
  4 lichens
  4 newts
41 creatures vanquished.

No species were genocided or became extinct.

Game over:
                       ----------
                      /          \
                     /    REST    \
                    /      IN      \
                   /     PEACE      \
                  /                  \
                  |      Jobair      |
                  |      681 Au      |
                  | killed by a bolt |
                  |   of lightning   |
                  |   zapped by a    |
                  |    leprechaun    |
                  |       2026       |
                 *|     *  *  *      | *
        _________)/\\_//(\/(/\)/\//\/|_)_______

Aloha Jobair the Tourist...

You died in The Dungeons of Doom on dungeon level 5 with 728 points,
and 681 pieces of gold, after 1946 moves.
You were level 4 with a maximum of 38 hit points when you died.

